 Dungeon Crawl Stone Soup version 0.27.1-34-g3ba077fa99 (webtiles) character file.

Game seed: 2000177440258764035

3428 nonceun the Cleaver (level 9, 0/105 HPs)
             Began as a Minotaur Berserker on Jan 21, 2022.
             Was an Elder of Trog.
             Slain by an orc warrior (3 damage)
             ... in a bailey.
             The game lasted 00:32:52 (9492 turns).

nonceun the Cleaver (Minotaur Berserker)            Turns: 9492, Time: 00:32:53

Health: 0/105      AC: 19    Str: 25    XL:     9   Next: 76%
Magic:  7/7        EV: 11    Int:  4    God:    Trog [****..]
Gold:   136        SH:  0    Dex: 10    Spells: 8/8 levels left

rFire    . . .     SeeInvis .   b - +0 hand axe
rCold    . . .     Faith    .   (no shield)
rNeg     . . .     Spirit   .   o - +0 plate armour
rPois    .         Reflect  .   (helmet unavailable)
rElec    .         Harm     .   K - +1 cloak
rCorr    .         Rampage  .   (no gloves)
Will     .....                  (no boots)
Stlth    ..........             (no amulet)
HPRegen  0.27/turn              e - +4 ring of evasion
MPRegen  0.10/turn              p - +4 ring of protection

@: berserking, very quick
A: horns 3, retaliatory headbutt, claws 1, iridescent scales 1, low mp 1,
MP-powered wands
a: Renounce Religion, Berserk, Trog's Hand, Brothers in Arms


You were in a bailey.
You worshipped Trog.
Trog was greatly pleased with you.
You visited 1 branch of the dungeon, and saw 8 of its levels.
You also visited: Bailey.

You collected 488 gold pieces.
You spent 352 gold pieces at shops.

Inventory:

Hand Weapons
 a - a +0 shortbow
 b - a +0 hand axe (weapon)
 E - a +0 war axe
 O - a +0 war axe
Missiles
 c - 129 arrows
 f - 5 javelins
 r - 4 boomerangs of dispersal {!f}
 x - 18 poisoned darts (quivered)
 C - 2 throwing nets
 N - 4 boomerangs
Armour
 o - a +0 plate armour (worn)
 B - a scarf of resistance
 K - a +1 cloak (worn)
Jewellery
 e - a +4 ring of evasion (left claw)
 n - a ring of protection from fire
 p - a +4 ring of protection (right claw)
 v - a ring of resist corrosion
 D - the ring "Myubey" {Str+9 Dex+4 Slay-3 SInv}
   (You found it on level 5 of the Dungeon)

   [ring of see invisible]

   Str:       It affects your strength (+9).
   Dex:       It affects your dexterity (+4).
   Slay:      It affects your accuracy & damage with ranged weapons and melee
   (-3).
   SInv:      It lets you see invisible.
Scrolls
 h - 2 scrolls of amnesia {unknown}
 j - 2 scrolls of noise
 k - 2 scrolls of teleportation
 m - a scroll of enchant weapon {unknown}
 q - a scroll of immolation
 t - a scroll of identify
 w - 2 scrolls of fear
 y - a scroll of brand weapon {unknown}
 A - a scroll of vulnerability {unknown}
 H - a scroll of enchant armour
 P - a scroll of acquirement
Potions
 d - a potion of flight {unknown}
 g - a potion of lignification {unknown}
 i - a potion of might {unknown}
 l - 3 potions of mutation
 s - a potion of cancellation {unknown}
 u - 6 potions of invisibility {unknown}
 z - a potion of berserk rage {unknown}
 F - 3 potions of haste {unknown}
 G - 2 potions of heal wounds {unknown}
 I - 3 potions of curing
 J - 2 potions of resistance
 L - a potion of ambrosia
 M - a potion of attraction


   Skills:
 - Level 3.6 Fighting
 * Level 14.1 Axes
 * Level 7.5 Bows
 - Level 2.4 Armour
 - Level 2.1 Dodging


You had 8 spell levels left.
You didn't know any spells.
Your spell library was empty.

Dungeon Overview and Level Annotations

Branches:
Dungeon (8/15)             Temple (0/1) D:7          Bailey (1/1)
   Lair: D:8-11

Altars:
Gozag
Makhleb
Nemelex Xobeh
Okawaru
Ru
Wu Jian

Shops:
D:1 !   D:8 *

Annotations:
D:7 !Joseph, exclusions: 5 centaurs and 3 more exclusions, Joseph


Innate Abilities, Weirdness & Mutations

You have a pair of large horns on your head.
You reflexively headbutt those who attack you in melee.
You have sharp fingernails.
You are partially covered in iridescent scales. (AC +2)
Your magical capacity is low. (-10% MP)
You expend magic power (3 MP) to strengthen your wands.


Message History

You kill the orc!
Trog accepts your kill. The orc closely misses you.
The orc knight hits you with a +0 glaive!!
The orc warrior hits you from afar with a +0 halberd.
You barely miss the orc knight.
The orc knight is severely wounded.
You slash the orc knight!
The orc knight is severely wounded.
You slash the orc warrior! You hit the orc knight.
The orc knight is severely wounded.
You hit the orc warrior.
The orc knight hits you but does no damage.
The orc closely misses you.
The orc warrior hits you from afar with a +0 halberd!
* * * LOW HITPOINT WARNING * * *
You slash the orc knight! Your headbutt misses the orc knight.
The orc knight is almost dead.
You barely miss the orc warrior. The orc warrior barely misses you.
You closely miss the orc knight. Your headbutt misses the orc knight.
The orc knight is almost dead.
You slash the orc warrior!
The orc hits you from afar with a +0 halberd!
* * * LOW HITPOINT WARNING * * *
The orc knight hits you with a +0 glaive!!
* * * LOW HITPOINT WARNING * * *
You hit the orc knight. You headbutt the orc knight.
You kill the orc knight!
Trog accepts your kill.
You hit the orc warrior but do no damage.
The orc warrior barely misses you. The orc warrior closely misses you.
You furiously retaliate!
You headbutt the orc warrior!!
You feel the power of Trog in you as your rage grows.
You kill the orc warrior!
Trog accepts your kill.
Your Axes skill increases to level 14!
Your Bows skill increases to level 7!
The orc closely misses you. x2; The orc misses you.
The orc warrior hits you with a +0 halberd.
You die...

# ####### ###########
.#########.....## ##........∩.
.o#.....#.......######...........
..'.....'.....o)#)...#.......))).
(.'o.o..o.....oo@)...'.......))).
..'.....'.....)o#)...#.....)))...
..#.....#.......######.....).....
.#########.....## ##........∩. #
####### ###########


You could see an orc warrior (strong) and 3 orcs.

Vanquished Creatures
  An orc knight (Bailey)
  Sigmund (D:2)
  A steam dragon (D:8)
  Menkaure (D:6)
  A sky beast (D:6)
  Duvessa (D:7)
  An ogre (D:6)
  4 orc warriors (Bailey)
  3 black bears
  4 centaurs
  A phantom (D:6)
  A kobold brigand (D:7)
  A gnoll sergeant (D:5)
  A wyvern zombie (D:4)
  Dowan (D:7)
  A scorpion (D:5)
  A water moccasin skeleton (D:5)
  2 bullfrog zombies
  A centaur zombie (D:6)
  2 gnoll shamans
  An orc priest (D:7)
  5 hounds
  A centaur skeleton (D:7)
  Crazy Yiuf (D:3)
  4 iguanas
  2 orc wizards (D:6)
  A hound zombie (D:5)
  15 gnolls
  5 adders
  A white imp (D:6)
  2 ufetubi
  An adder skeleton (D:4)
  3 worms (D:2)
  3 dart slugs
  50 orcs
  7 endoplasms
  14 giant cockroaches
  11 goblins
  9 hobgoblins
  2 quokkas
  10 ball pythons
  5 bats
  3 frilled lizards
  9 kobolds
  4 rats
199 creatures vanquished.

Vanquished Creatures (others)
  An orc (D:8)
1 creature vanquished.

Grand Total: 200 creatures vanquished

Notes
Turn   | Place    | Note
-------+----------+-------------------------------------------
     0 | D:1      | nonceun the Minotaur Berserker began the quest for the Orb.
     0 | D:1      | Reached XP level 1. HP: 19/19 MP: 0/0
    97 | D:1      | Reached skill level 4 in Axes
   434 | D:1      | Reached XP level 2. HP: 26/26 MP: 1/1
   455 | D:1      | Found Roet's Distillery.
   552 | D:1      | Found a faded altar of an unknown god.
  1248 | D:1      | Reached skill level 5 in Axes
  1351 | D:1      | Reached XP level 3. HP: 31/31 MP: 2/2
  1622 | D:2      | Noticed Sigmund
  1630 | D:2      | Killed Sigmund
  1631 | D:2      | Reached skill level 7 in Axes
  1631 | D:2      | Reached XP level 4. HP: 39/39 MP: 3/3
  1631 | D:2      | Reached XP level 5. HP: 45/45 MP: 4/4
  1993 | D:2      | Reached ** piety under Trog
  2212 | D:2      | Reached skill level 8 in Axes
  2503 | D:3      | Found a sparkling altar of Nemelex Xobeh.
  2822 | D:3      | Reached XP level 6. HP: 48/51 MP: 5/5
  2940 | D:3      | Found a runed translucent door.
  2941 | D:3      | Noticed Crazy Yiuf
  4292 | D:5      | Entered Level 5 of the Dungeon
  4302 | D:5      | Reached skill level 9 in Axes
  4437 | D:5      | Reached XP level 7. HP: 57/57 MP: 6/6
  4536 | D:5      | Reached *** piety under Trog
  4558 | D:5      | Reached skill level 10 in Axes
  5123 | D:5      | Identified the ring "Myubey" {Str+9 Dex+4 Slay-3 SInv}
  5247 | D:5      | Reached skill level 11 in Axes
  5510 | D:6      | Reached skill level 1 in Bows
  5578 | D:6      | Reached XP level 8. HP: 56/64 MP: 7/7
  5889 | D:6      | Reached skill level 12 in Axes
  6147 | D:6      | Noticed Menkaure
  6158 | D:6      | Killed Menkaure
  6789 | D:6      | Found an opulent altar of Gozag.
  6794 | D:6      | Found a burning altar of Makhleb.
  6797 | D:6      | Found an ornate altar of the Wu Jian Council.
  6812 | D:6      | Found an iron altar of Okawaru.
  7161 | D:1      | Bought 2 potions of curing for 66 gold pieces
  7161 | D:1      | Bought a potion of resistance for 110 gold pieces
  7161 | D:1      | Bought a potion of mutation for 88 gold pieces
  7161 | D:1      | Bought a potion of brilliance for 44 gold pieces
  7161 | D:1      | Bought a potion of degeneration for 11 gold pieces
  7161 | D:1      | Bought a potion of attraction for 33 gold pieces
  7166 | D:1      | Gained mutation: You have sharp toenails. [potion of
                  | mutation]
  7166 | D:1      | Gained mutation: You sometimes lose the ability to read
                  | scrolls when taking damage. [potion of mutation]
  7167 | D:1      | Lost mutation: You sometimes lose the ability to read
                  | scrolls when taking damage. [potion of mutation]
  7167 | D:1      | Lost mutation: You have sharp toenails. [potion of
                  | mutation]
  7167 | D:1      | Gained mutation: You have a pair of large horns on your
                  | head. [potion of mutation]
  7167 | D:1      | Gained mutation: You have sharp fingernails. [potion of
                  | mutation]
  7167 | D:1      | Gained mutation: You tend to lose your temper in combat.
                  | [potion of mutation]
  7167 | D:1      | Gained mutation: You expend magic power (3 MP) to
                  | strengthen your wands. [potion of mutation]
  7283 | D:3      | Killed Crazy Yiuf
  7284 | D:3      | Reached XP level 9. HP: 58/70 MP: 8/8
  7431 | D:7      | Reached skill level 5 in Bows
  7435 | D:7      | Reached **** piety under Trog
  7494 | D:7      | Noticed Duvessa
  7494 | D:7      | Noticed Dowan
  7498 | D:7      | Killed Duvessa
  7499 | D:7      | Reached skill level 13 in Axes
  7500 | D:7      | Killed Dowan
  7611 | D:7      | Noticed Joseph
  8133 | D:7      | Found a staircase to the Ecumenical Temple.
  8427 | D:8      | HP: 3/70 [centaur/arrow (3)]
  8430 | D:8      | HP: 1/70 [centaur (2)]
  8443 | D:8      | Found a sacrificial altar of Ru.
  8481 | D:8      | Identified the +6 scale mail "Badazuf" {*Slow Dex+4 Stlth+}
  8832 | D:8      | Found Hunuocugg's Neck Hole.
  8879 | D:8      | Found a flagged portal.
  8906 | Bailey   | Entered a bailey
  9328 | Bailey   | Lost mutation: You tend to lose your temper in combat.
                  | [potion of mutation]
  9328 | Bailey   | Lost mutation: You have a pair of large horns on your head.
                  | [potion of mutation]
  9328 | Bailey   | Gained mutation: You have a pair of large horns on your
                  | head. [potion of mutation]
  9328 | Bailey   | Gained mutation: Your magical capacity is low. (-10% MP)
                  | [potion of mutation]
  9328 | Bailey   | Gained mutation: You are partially covered in iridescent
                  | scales. (AC +2) [potion of mutation]
  9442 | Bailey   | Noticed an orc knight
  9490 | Bailey   | HP: 2/105 [orc knight (18)]
  9491 | Bailey   | Killed an orc knight
  9492 | Bailey   | Reached skill level 14 in Axes
  9492 | Bailey   | Slain by an orc warrior

Illustrated notes

Levels and vault maps discovered:
D:1:      dpeg_arrival_tiny_a, layout_basic, dilly_ecumenical_altar_fadedgnrine,
          serial_co_window_serial, co_window_corner_a,
          co_window_of_opportunity_a, co_window_paths_a, co_window_paths_a,
          co_window_paths_a, co_window_unsneaky_path_b, co_window_corner_b,
          co_window_corner_cb, co_window_corner_b, co_window_corner_ca,
          co_window_corner_cb, glass_columns_b, glass_columns_b,
          glass_columns_c, glass_columns_a, glass_columns_b, serial_shops, shop
D:2:      minmay_roachtagon, layout_loops_ring, uniq_sigmund
D:3:      layout_basic, mainiacjoe_overflow_boulevard, uniq_crazy_yiuf_cottage
D:4:      layout_basic
D:5:      layout_gridville
D:6:      layout_loops_ring, grunt_temple_overflow_cloverleaf, uniq_menkaure
D:7:      layout_basic, fedhas_bush_and_centaur_altar,
          minmay_temple_entry_statues, centaur_isle, uniq_joseph, uniq_duvessa
D:8:      layout_cave_pools, mainiacjoe_overflow_small_starburst,
          enter_bailey_3, nicolae_shop_sticking_my_neck_out
Bailey:   bailey_polearm_5, bailey

Skill      XL: |  1  2  3  4  5  6  7  8  9 |
---------------+----------------------------+-----
Axes           | 4 5 7 8 9 11 12 14 | 14.1
Bows           | 1 4 7 |  7.5
Fighting       | |  3.6
Armour         | |  2.4
Dodging        | |  2.1

Action                   |  1- 3 |  4- 6 |  7- 9 || total
-------------------------+-------+-------+-------++-------
Melee: Hand axe          |    57 |   156 |   312 ||   525
       Headbutt          |    11 |    31 |    59 ||   101
 Fire: Shortbow          |       |       |    51 ||    51
Throw: Dart              |       |       |     1 ||     1
Invok: Berserk           |     1 |       |     6 ||     7
  Use: Potion            |       |       |     3 ||     3
       Scroll            |       |       |     7 ||     7
 Stab: Sleeping          |     1 |       |       ||     1
Armor: Animal skin       |     6 |       |       ||     6
       Plate armour      |       |    56 |   150 ||   206
Dodge: Dodged            |    35 |    74 |   182 ||   291
